cohdb
Replays
Latest Replays
All Replays
Popular Replays
Top Player Replays
Match Explorer
How It Works
Community
CoH3 Stats
Reddit
Sign in to upload your games and track your stats! →
Sign in with Steam
Match 23696748
Unlisted
Match 23696748
Overview
Messages
Build Orders
End
Selects Air and Sea Battlegroup
Construct Section Command Post
Infantry Section
Infantry Section
ML 3-inch Mortar Team
ML 3-inch Mortar Team
Selects Supply Surplus
Construct Platoon Command Post
CMP 15cwt Truck
Grenade Package
Infantry Training
Construct Company Command Post
Unlock Bishop Self-propelled Artillery
Selects Centaur Medium Tank
Centaur Medium Tank
Construct Company Command Post
Selects Naval Bombardment
Royal Engineer Section
Matilda II Heavy Tank
Selects Commando Section Paradrop
Matilda II Heavy Tank
Selects M1 Pack Howitzer Paradrop
Matilda II Heavy Tank
Matilda II Heavy Tank
Selects Anti-tank Rocket Loiter
Anti-tank Rocket Loiter
Naval Bombardment
Unlock M3 Grant Medium Tanks
M3 Grant Medium Tank
M3 Grant Medium Tank
Anti-tank Rocket Loiter
Naval Bombardment
Bogan_Big_Nose
Drunkmedicine
iceman
UH|ck
0
0
Comments
sign in to comment!
No comments posted yet!